 Dungeon Crawl Stone Soup version 0.25.1-2-g60ff931df9 (webtiles) character file.

Game seed: 8046061920967392143

396 funkygono the Conjurer (level 6, -9/47 HPs)
             Began as a Draconian Conjurer on Aug 21, 2020.
             Mangled by an orc warrior
             ... wielding a +0 mace
              (17 damage)
             ... on level 4 of the Dungeon.
             The game lasted 00:08:25 (4532 turns).

funkygono the Conjurer (Draconian Conjurer)         Turns: 4532, Time: 00:08:25

Health: -9/47      AC:  6    Str: 11    XL:     6   Next: 52%
Magic:  1/11       EV: 12    Int: 17    God:
Gold:   93         SH:  0    Dex: 11    Spells: 6/12 levels left

rFire    . . .     SeeInvis .   k - +0 whip
rCold    . . .     Gourm    .   (no shield)
rNeg     + . .     Faith    +   (armour unavailable)
rPois    .         Spirit   .   (helmet restricted)
rElec    .         Reflect  .   (no cloak)
rCorr    .         Harm     .   (no gloves)
MR       .....                  (no boots)
Stlth    ++........             f - amulet of faith
HPRegen  0.15/turn              o - ring of positive energy
MPRegen  0.12/turn              (no ring)

@: mighty
A: unfitting armour, cold-blooded, AC +6
a: no special abilities


You were on level 4 of the Dungeon.
You were not hungry.

You visited 2 branches of the dungeon, and saw 5 of its levels.

You collected 93 gold pieces.

Inventory:

Hand Weapons
 c - a +0 short sword
 k - a +0 whip (weapon)
Missiles
 h - 64 stones (quivered)
Armour
 j - a +1 buckler
Jewellery
 f - an amulet of faith (around neck)
 o - a ring of positive energy (left hand)
Scrolls
 m - 2 scrolls of amnesia
 q - a scroll of teleportation
Potions
 a - a potion of brilliance {unknown}
 d - a potion of berserk rage {unknown}
 e - 2 potions of resistance {unknown}
 g - a potion of invisibility {unknown}
 i - a potion of cancellation {unknown}
 l - 3 potions of heal wounds
 n - a potion of might
 r - a potion of lignification {unknown}
Comestibles
 b - 9 rations
 p - 5 chunks of flesh


   Skills:
 + Level 1.1 Fighting
 + Level 0.5 Short Blades
 + Level 0.1 Maces & Flails
 + Level 2.4 Dodging
 + Level 2.4 Stealth
 + Level 3.8 Spellcasting
 + Level 6.2 Conjurations


You had 6 spell levels left.
You knew the following spells:

 Your Spells              Type           Power        Failure   Level  Hunger
a - Magic Dart            Conj           ###.         1%          1    None
b - Searing Ray           Conj           ###...       1%          2    ##.....
c - Dazzling Flash        Conj/Hex       ##....       14%         3    ###....

Your spell library contained the following spells:

 Spells                   Type           Power        Failure   Level  Hunger
 Fulminant Prism          Conj/Hex       ##........   41%         4    ####...
 Iskenderun's Mystic Bla  Conj/Tloc      ##......     41%         4    ####...


Dungeon Overview and Level Annotations

Branches:
Dungeon (4/15)             Temple (1/1) D:4

Altars:
Ashenzari
Cheibriados
Dithmenos
Elyvilon
Fedhas
Gozag
Hepliaklqana
Kikubaaqudgha
Makhleb
Nemelex Xobeh
Okawaru
Qazlal
Ru
Sif Muna
Trog
Uskayaw
Wu Jian
Xom
Yredelemnul
Zin
The Shining One


Innate Abilities, Weirdness & Mutations

Your plain brown scales are hard. (AC +6)
You cannot fit into any form of body armour.
You are cold-blooded and may be slowed by cold attacks.


Message History

Press: ? - help, Shift-Dir - straight line, f/p - orc warrior
Aim: an orc warrior, wielding a +0 mace and wearing a +0 plate armour (moderately wounded)
The magic dart hits the orc warrior but does no damage.
The orc warrior is moderately wounded.
You hit the orc warrior but do no damage.
You tail-slap the orc warrior, but do no damage.
The orc warrior is moderately wounded.
The orc warrior misses you.
You closely miss the orc warrior.
You tail-slap the orc warrior, but do no damage.
The orc warrior is moderately wounded.
The orc warrior hits you with a +0 mace!
You hit the orc warrior but do no damage.
Your tail-slap misses the orc warrior.
The orc warrior is moderately wounded.
The orc warrior hits you with a +0 mace!!
* * * LOW HITPOINT WARNING * * *
You feel very mighty all of a sudden.
The orc warrior hits you with a +0 mace!
You die...

########.##.#.####
#..#.#.##..
#......##.#
###.#.####.#
#.....# #.#
#....÷####.#
#..÷.>.....########
#...######.........
#...#
#@################
#...#
#.oS..............
#...#
##################
#...# #####


You could see an orc warrior and an adder.

Vanquished Creatures
  A phantom (D:4)
  A howler monkey (D:4)
  An orc wizard (D:3)
  An iguana (D:4)
  2 worker ants
  8 adders
  A shadow imp (D:3)
  2 worms
  4 leopard geckos
  4 orcs
  A ball python (D:3)
  7 bats
  2 giant cockroaches
  2 goblins (D:2)
  6 hobgoblins
  14 jackals
  5 kobolds
  3 quokkas
  5 frilled lizards
  5 rats
75 creatures vanquished.

Notes
Turn   | Place    | Note
-------+----------+-------------------------------------------
     0 | D:1      | funkygono the Draconian Conjurer began the quest for the
                  | Orb.
     0 | D:1      | Reached XP level 1. HP: 14/14 MP: 3/3
   612 | D:1      | Reached XP level 2. HP: 16/20 MP: 0/5
   616 | D:1      | Learned a level 2 spell: Searing Ray
   876 | D:2      | Reached XP level 3. HP: 26/26 MP: 0/6
   904 | D:2      | Reached skill level 5 in Conjurations
  1364 | D:2      | Reached XP level 4. HP: 33/33 MP: 4/7
  2034 | D:2      | Learned a level 3 spell: Dazzling Flash
  2581 | D:3      | Reached XP level 5. HP: 21/39 MP: 0/9
  3888 | D:4      | Noticed a phantom
  3929 | D:4      | Killed a phantom
  3929 | D:4      | Reached skill level 6 in Conjurations
  3929 | D:4      | Reached XP level 6. HP: 36/46 MP: 0/11
  4053 | D:4      | Reached skill level 1 in Fighting
  4130 | D:4      | Found a staircase to the Ecumenical Temple.
  4139 | Temple   | Entered the Ecumenical Temple
  4493 | D:4      | Noticed an orc warrior
  4532 | D:4      | Mangled by an orc warrior

Illustrated notes

Levels and vault maps discovered:
D:1:      dpeg_arrival_refuge, layout_rooms
D:2:      layout_loops_ring, eino_tiny_chamber, hangedman_decor_growths
D:3:      layout_loops_corners, guppyfry_early_lair_pool
D:4:      layout_basic, minmay_temple_entry_glass, first_ration,
          guppyfry_early_orc_mine
Temple:   compressed_dpeg_triangle_lava_temple

Skill      XL: |  1  2  3  4  5  6 |
---------------+-------------------+-----
Stealth        | 2 |  2.4
Conjurations   | 5 6 |  6.2
Dodging        | 2 |  2.4
Spellcasting   | 3 |  3.8
Fighting       | 1 |  1.1
Short Blades   | |  0.5
Maces & Flails | |  0.1

Action                   |  1- 3 |  4- 6 || total
-------------------------+-------+-------++-------
Melee: Short sword       |    12 |    13 ||    25
       Whip              |       |    14 ||    14
       Tailslap          |       |     2 ||     2
 Cast: Magic Dart        |    38 |    82 ||   120
       Searing Ray       |     5 |    22 ||    27
  Use: Scroll            |     8 |     2 ||    10
       Potion            |       |     1 ||     1
  Eat: Chunk             |     2 |    11 ||    13
Armor: Skin              |     8 |    16 ||    24
Dodge: Dodged            |    23 |    30 ||    53
